 Dungeon Crawl Stone Soup version 0.26.1-11-gd32895ea62 (webtiles) character file.

Game seed: 15058997551216862256

641 Bergy the Cudgeller (level 7, 0/41 HPs)
             Began as a Gargoyle Fighter on July 12, 2021.
             Killed by divine providence
             ... invoked by an orc priest
              (12 damage)
             ... on level 6 of the Dungeon.
             The game lasted 00:34:44 (5558 turns).

Bergy the Cudgeller (Gargoyle Fighter)              Turns: 5558, Time: 00:34:44

Health: 0/41       AC: 20    Str: 21    XL:     7   Next: 51%
Magic:  7/7        EV:  8    Int:  9    God:
Gold:   253        SH:  9    Dex:  9    Spells: 6/6 levels left

rFire    + . .     SeeInvis .   a - +0 flail
rCold    . . .     Faith    .   c - +0 kite shield
rNeg     + . .     Spirit   .   s - +2 ring mail {rF+}
rPois    ∞         Reflect  .   n - +2 helmet
rElec    +         Harm     .   (no cloak)
rCorr    .         Rampage  .   (no gloves)
Will     .....                  (no boots)
Stlth    ..........             (no amulet)
HPRegen  0.13/turn              u - +4 ring of protection
MPRegen  0.10/turn              (no ring)

@: no status effects
A: negative energy resistance 1, electricity resistance, unbreathing,
petrification resistance, miasma immunity, AC +4
a: no special abilities


You were on level 6 of the Dungeon.
You visited 1 branch of the dungeon, and saw 6 of its levels.

You collected 253 gold pieces.

Inventory:

Hand Weapons
 a - a +0 flail (weapon)
 r - a +1 long sword of holy wrath
 v - a +3 hand axe
Armour
 c - a +0 kite shield (worn)
 n - a +2 helmet (worn)
 s - a +2 ring mail of fire resistance (worn)
 y - a +0 pair of gloves
Jewellery
 u - a +4 ring of protection (left hand)
Wands
 t - a wand of polymorph (12)
 x - a wand of random effects (10)
Scrolls
 b - 3 scrolls of teleportation
 e - 2 scrolls of remove curse {unknown}
 g - a scroll of enchant weapon {unknown}
 j - a scroll of fog {unknown}
 k - 3 scrolls of magic mapping
 o - 2 scrolls of identify
 p - 2 scrolls of enchant armour
 w - a scroll of random uselessness {unknown}
 A - a scroll of blinking {unknown}
Potions
 d - a potion of might
 f - 2 potions of degeneration {unknown}
 h - a potion of magic {unknown}
 i - a potion of haste {unknown}
 l - 4 potions of curing {unknown}
 m - a potion of heal wounds {unknown}
 q - a potion of flight {unknown}
 z - a potion of cancellation {unknown}
 B - a potion of ambrosia {unknown}


   Skills:
 - Level 3.3 Fighting
 * Level 7.0 Maces & Flails
 + Level 4.9 Armour
 + Level 4.3 Shields


You had 6 spell levels left.
You didn't know any spells.
Your spell library was empty.

Dungeon Overview and Level Annotations

Branches:
Dungeon (6/15)
 Temple: D:4-7

Altars:
Cheibriados
Dithmenos
Nemelex Xobeh
Wu Jian
Yredelemnul

Annotations:
D:5 Eustachio


Innate Abilities, Weirdness & Mutations

You are resistant to torment.
Your stone body is resilient. (AC +4)
You are immune to poison.
You resist negative energy. (rN+)
You are resistant to electric shocks. (rElec)
You can survive without breathing.
You are immune to petrification.
You are immune to miasma.


Message History

You see here 16 arrows.
An orc priest comes into view. It is wielding a +0 hand axe.
The orc priest shouts!
Found a basalt altar of Yredelemnul.
An orc comes into view. It is wielding a +0 hand axe.
Found a hand crossbow and 7 gold pieces.
Found an ornate altar of the Wu Jian Council.
An orc comes into view.
It is wielding a +0 mace and wearing the ring of Fedhas's Inspiration {+Fly rC++ SInv}.
The orc priest calls down the wrath of Beogh upon you.
Beogh smites you!
The orc shouts!
The orc priest invokes the aid of Beogh against you.
Beogh smites you!
The orc priest calls down the wrath of Beogh upon you.
Beogh smites you!
* * * LOW HITPOINT WARNING * * *
You see here 16 arrows.
The orc priest invokes the aid of Beogh against you.
Beogh smites you!
You die...

##o.#
#.(.#
#.o##
#..# #)o#
#..# #..#
#..#
#.#.##.@#
.......<#
.......##
....###
..## .


You could see an orc priest and an orc.

Vanquished Creatures
  Grinder (D:3)
  A bullfrog zombie (D:3)
  A jelly (D:5)
  A hound (D:3)
  Terence (D:2)
  Natasha (thrice) (D:2)
  An iguana (D:4)
  A worker ant (D:3)
  A worker ant zombie (D:5)
  Robin (D:4)
  4 gnolls (D:3)
  4 adders
  A shadow imp (D:5)
  An ooze (D:1)
  3 worms
  2 dart slugs
  4 leopard geckos
  5 orcs
  3 giant cockroaches
  18 goblins
  9 hobgoblins
  5 jackals
  A ball python (D:2)
  7 bats
  4 frilled lizards
  A jackal skeleton (D:4)
  3 kobolds
  6 rats
93 creatures vanquished.

Notes
Turn   | Place    | Note
-------+----------+-------------------------------------------
     0 | D:1      | Bergy the Gargoyle Fighter began the quest for the Orb.
     0 | D:1      | Reached XP level 1. HP: 14/14 MP: 1/1
   504 | D:1      | Reached XP level 2. HP: 19/19 MP: 2/2
   929 | D:1      | Reached XP level 3. HP: 23/23 MP: 3/3
  1222 | D:2      | Noticed Natasha
  1503 | D:1      | Reached skill level 3 in Maces & Flails
  1652 | D:2      | Killed Natasha
  1653 | D:2      | Reached XP level 4. HP: 14/28 MP: 4/4
  2025 | D:2      | Found a shadowy altar of Dithmenos.
  2121 | D:2      | Noticed Natasha
  2128 | D:2      | Killed Natasha
  2129 | D:2      | Reached skill level 4 in Maces & Flails
  2160 | D:2      | Noticed Terence
  2172 | D:2      | Killed Terence
  2173 | D:2      | Reached XP level 5. HP: 31/32 MP: 5/5
  2190 | D:2      | Found a snail-covered altar of Cheibriados.
  2691 | D:2      | Noticed Natasha
  2709 | D:2      | Killed Natasha
  3133 | D:3      | Reached skill level 5 in Maces & Flails
  3614 | D:3      | Reached XP level 6. HP: 35/37 MP: 6/6
  4128 | D:4      | Noticed Robin
  4285 | D:4      | Noticed Grinder
  4360 | D:3      | Paralysed by Grinder for 4 turns
  4367 | D:3      | Paralysed by Grinder for 4 turns
  4374 | D:3      | Killed Grinder
  4375 | D:3      | Reached skill level 6 in Maces & Flails
  4375 | D:3      | Reached XP level 7. HP: 21/41 MP: 7/7
  4574 | D:4      | Killed Robin
  4675 | D:4      | Found a sparkling altar of Nemelex Xobeh.
  5158 | D:5      | Entered Level 5 of the Dungeon
  5466 | D:5      | Noticed Eustachio
  5480 | D:5      | Reached skill level 7 in Maces & Flails
  5544 | D:6      | Found a basalt altar of Yredelemnul.
  5545 | D:6      | Found an ornate altar of the Wu Jian Council.
  5546 | D:6      | Identified the ring of Fedhas's Inspiration {+Fly rC++
                  | SInv}
  5558 | D:6      | Killed from afar by an orc priest

Illustrated notes

Levels and vault maps discovered:
D:1:      dpeg_arrival_rhombus, layout_basic, grunt_decor_clamped
D:2:      layout_basic, kennysheep_slug_shrine, grunt_dithmenos_smoke,
          serial_curves, eino_curves_03, eino_curves_04, uniq_natasha,
          uniq_terence
D:3:      layout_basic
D:4:      layout_cave_pools, nicolae_overflow_crystal_walls,
          minmay_misc_feat_ornament, uniq_robin, uniq_grinder
D:5:      layout_cave_pods, minmay_misc_feat_enclosed, uniq_eustachio
D:6:      layout_loops_ring, grunt_temple_overflow_open,
          minmay_temple_entry_purple_smoke, serial_shops,
          nicolae_shop_overgrown_old_shop

Skill      XL: |  1  2  3  4  5  6  7 |
---------------+----------------------+-----
Maces & Flails | 3 4 5 6 7 |  7.0
Armour         | 4 |  4.9
Shields        | 4 |  4.3
Fighting       | |  3.3

Action                   |  1- 3 |  4- 6 |  7- 9 || total
-------------------------+-------+-------+-------++-------
Melee: Flail             |   115 |   215 |    62 ||   392
  Use: Scroll            |       |     4 |     2 ||     6
Armor: Scale mail        |    64 |     6 |       ||    70
       Ring mail         |       |    85 |    73 ||   158
Dodge: Dodged            |    37 |    70 |    40 ||   147
Block: Kite shield       |    80 |   105 |    51 ||   236
